 Seeded DCSS version 0.31-a0-1612-g4aaf141004 (webtiles) character file.

Game seed: 560841995258110699 (custom seed)

186 Esekla the Grave Robber (level 5, -4/38 HPs)
             Began as a Formicid Necromancer on Jan 9, 2024.
             Was an Initiate of Ashenzari.
             Slain by an iguana (11 damage)
             ... on level 6 of the Dungeon.
             The game lasted 00:19:25 (1389 turns).

Esekla the Grave Robber (Formicid Necromancer)      Turns: 1389, Time: 00:19:26

Health: -4/38      AC:  2    Str: 12    XL:     5   Next: 97%
Magic:  9/9        EV: 12    Int: 17    God:    Ashenzari [......]
Gold:   109        SH:  0    Dex: 14    Spells: 9/10 levels left

rFire   . . .        f - +5 woodcutter's axe
rCold   . . .        (no shield)
rNeg    . . .        a - +0 robe of the Celestial Mistrust {Dev, Self} (curse)
rPois   .            (helmet unavailable)
rElec   .            (no cloak)
rCorr   .            (no gloves)
SInv    +            (no boots)
Will    .....        (no amulet)
Stlth   ++           (no ring)
HPRegen 0.26/turn    (no ring)
MPRegen 0.11/turn

%: no passive effects
@: no status effects
A: permanent stasis, dig shafts and tunnels, antennae 3, four strong arms
a: Dig, Shaft Self, Renounce Religion, Shatter the Chains


You were on level 6 of the Dungeon.
You worshipped Ashenzari.
Ashenzari was noncommittal.
You visited 2 branches of the dungeon, and saw 9 of its levels.

You collected 109 gold pieces.

Inventory:

Hand Weapons
 c - a +0 long sword
 f - the +5 woodcutter's axe (weapon)
   (You found it on level 4 of the Dungeon)
 s - a +0 dagger
Missiles
 n - 3 poisoned darts (quivered)
Armour
 a - the cursed +0 robe of the Celestial Mistrust (worn) {Dev, Self}

   It has a curse which improves the following skills: Devices: Evocations and
   Shapeshifting.
   Introspection: Fighting and Spellcasting.
Scrolls
 e - 2 scrolls of noise {unknown}
 g - a scroll of identify {unknown}
 i - a scroll of butterflies {unknown}
 j - a scroll of enchant armour {unknown}
Potions
 b - a potion of magic
 d - 2 potions of experience {unknown}
 h - a potion of haste {unknown}
 l - a potion of might {unknown}
 m - a potion of enlightenment {unknown}


   Skills:
 * Level 1.9(2.2) Fighting
 + Level 0.2(0.9) Axes
 * Level 1.4 Polearms
 * Level 1.6 Armour
 + Level 2.0 Dodging
 + Level 2.9 Stealth
 * Level 2.7(3.1) Spellcasting
 + Level 5.2 Necromancy


You had 9 spell levels left.
You knew the following spells:

 Your Spells              Type           Power      Damage    Failure   Level
a - Necrotise             Necr           80%        1d8       1%          1

Your spell library contained the following spells:

 Spells                   Type           Power      Damage    Failure   Level
 Vampiric Draining        Necr           20%        2d7       6%          3
 Animate Dead             Necr           20%        N/A       21%         4
 Curse of Agony           Necr           20%        N/A       50%         5


Dungeon Overview and Level Annotations

Branches:
Dungeon (9/15)             Temple (1/1) D:7
   Lair: D:8-11         Orc: D:9-12

Altars:
Ashenzari
Cheibriados
Elyvilon
Hepliaklqana
Kikubaaqudgha
Makhleb
Okawaru
Ru
Sif Muna
Trog
Uskayaw
Vehumet
Xom
Zin
The Shining One


Innate Abilities, Weirdness & Mutations

You cannot be hasted, slowed, berserked, paralysed or teleported.
You can dig through walls and to a lower floor.
You have a pair of large antennae on your head. (SInv)
Your four strong arms can wield two-handed weapons with a shield.


Message History

You drop a wand of charming (5).
An orc comes into view. It is wielding a +0 dagger.
The orc moves out of view.
An iguana comes into view.
The orc hits you but does no damage.
You barely miss the orc.
The iguana hisses angrily.
The orc closely misses you.
You barely miss the orc. The orc hits you with a +0 dagger.
You closely miss the orc. The orc hits you with a +0 dagger.
You slash the orc!
You kill the orc!
You see here a +0 dagger.
You barely miss the iguana. The iguana bites you!
You closely miss the iguana. The iguana bites you.
You barely miss the iguana. The iguana bites you!
* * * LOW HITPOINT WARNING * * *
You hit the iguana.
The iguana is heavily wounded.
The iguana bites you!
* * * LOW HITPOINT WARNING * * *
It was a potion of heal wounds.
You feel much better. The iguana bites you!
You hit the iguana but do no damage.
The iguana is heavily wounded.
The iguana bites you!
* * * LOW HITPOINT WARNING * * *
You slash the iguana!
The iguana is almost dead.
The iguana bites you.
* * * LOW HITPOINT WARNING * * *
You barely miss the iguana.
The iguana is almost dead.
The iguana barely misses you.
You closely miss the iguana.
The iguana is almost dead.
The iguana closely misses you.
You barely miss the iguana.
The iguana is almost dead.
The iguana bites you!
You die...

##.###...###....#
#..# ##...###...
....####.##
##...#...#
.........##
#......
..........## #...
#.....##...## ...
#.... ##...##
#....##.....###.
#....l@..........
#............##..
#............##
#...........##
............#
......####..#
...... ##..
...... #.#


You could see an iguana.

Vanquished Creatures
  A centaur (D:8)
  A bullfrog (D:8)
  An orc wizard (D:9)
  An adder (D:5)
  5 orcs
9 creatures vanquished.

Notes
Turn   | Place    | Note
-------+----------+-------------------------------------------
     0 | D:1      | Esekla the Formicid Necromancer began the quest for the
                  | Orb.
     0 | D:1      | Reached XP level 1. HP: 13/13 MP: 3/3
    46 | D:1      | You fall into a shaft and drop 1 floor!
   128 | D:2      | You fall into a shaft and drop 2 floors!
   128 | D:4      | Found the +5 woodcutter's axe
   175 | D:4      | You fall into a shaft and drop 3 floors!
   184 | D:7      | Noticed a wyvern
   367 | D:7      | Found a staircase to the Ecumenical Temple.
   478 | D:8      | Noticed an orc warrior
   493 | D:8      | Noticed a jelly
   527 | D:7      | Reached XP level 2. HP: 19/19 MP: 5/5
   540 | Temple   | Entered the Ecumenical Temple
   557 | Temple   | Became a worshipper of Ashenzari the Shackled
   633 | D:6      | Noticed a scorpion
   648 | D:6      | You fall into a shaft and drop 3 floors!
   720 | D:9      | Reached XP level 3. HP: 25/25 MP: 6/6
   750 | D:9      | Noticed an orc warrior
   924 | D:9      | Noticed a steam dragon
   928 | D:8      | Noticed a centaur
   933 | D:8      | Noticed a bullfrog
   933 | D:8      | Noticed a water moccasin
   938 | D:8      | Killed a centaur
   939 | D:8      | Reached skill level 1 in Fighting
   939 | D:8      | Reached skill level 1 in Polearms
   939 | D:8      | Reached skill level 1 in Armour
   939 | D:8      | Reached skill level 5 in Necromancy
   939 | D:8      | Reached XP level 4. HP: 15/32 MP: 7/7
   939 | D:8      | Reached XP level 5. HP: 17/37 MP: 8/8
   953 | D:8      | Killed a bullfrog
  1123 | D:8      | Noticed a centaur
  1276 | D:5      | Entered Level 5 of the Dungeon
  1389 | D:6      | Slain by an iguana

Illustrated notes

Levels and vault maps discovered:
D:1:      ncdulo_smallfort, layout_loops_cross
D:2:      layout_loops_cross, ebering_ecumenical_altar_sacrificial
D:4:      layout_loops_ring
D:5:      layout_cave_pools, nicolae_overflow_hallway_of_the_gods,
          mainiacjoe_sewer_entry_somewhere_in_here_2
D:6:      layout_layer_cave, grunt_gozag_statues, serial_shops, shop,
          uniq_crazy_yiuf_cottage
D:7:      layout_rooms, minmay_temple_entry_overgrown
D:8:      layout_basic, uniq_joseph, uniq_maggie
D:9:      layout_rooms, erik_lair_orcish_takeover, uniq_harold
Temple:   eino_wide_crystal_templ

Skill      XL: |  1  2  3 |
---------------+----------+-----
Fighting       | 1 |  1.9
Polearms       | 1 |  1.4
Armour         | 1 |  1.6
Dodging        | 2 |  2.0
Necromancy     | 5 |  5.2
Axes           | |  0.2
Stealth        | |  2.9
Spellcasting   | |  2.7

Action                     |  1- 3 |  4- 6 || total
---------------------------+-------+-------++-------
  Melee: Battleaxe         |    10 |    27 ||    37
  Throw: Dart              |       |     1 ||     1
 Invoke: Curse Item        |       |     1 ||     1
Ability: Shaft Self        |     4 |       ||     4
         Dig               |     1 |       ||     1
    Use: Potion            |     1 |     2 ||     3
 Armour: Robe              |    13 |    15 ||    28
         Skin              |       |     7 ||     7
  Dodge: Dodged            |    18 |     8 ||    26

Table legend: (Time is in decaauts)
 A = Elapsed time spent in this place.
 B = Non-inter-level travel time spent in this place.
 C = Inter-level travel time spent in this place.
 D = Time resting spent in this place.
 E = Time spent auto-exploring this place.
 F = Levels seen in this place.
 G = Mean time per level.
                   A        B        C        D        E       F      G
               +--------+--------+--------+--------+--------+-----+--------+
         Total |   1387 |   1371 |     16 |    207 |      0 |   9 |  154.1 |
       Dungeon |   1355 |   1354 |      1 |    207 |      0 |   8 |  169.4 |
        Temple |     32 |     17 |     15 |      0 |      0 |   1 |   32.0 |
               +--------+--------+--------+--------+--------+-----+--------+

Top non-repeatable levels by time:
     D:8: 314 daAuts
     D:6: 285 daAuts
     D:9: 278 daAuts
     D:7: 271 daAuts
     D:2: 81 daAuts
     D:4: 46 daAuts
     D:1: 46 daAuts
  Temple: 32 daAuts
     D:5: 30 daAuts
